 Dungeon Crawl Stone Soup version 0.30.1-4-g462c640d31 (webtiles) character file.

Game seed: 17628371875360328505

9 psuckher the Trooper (level 2, -1/26 HPs)
             Began as a Draconian Berserker on Sept 13, 2023.
             Was a Follower of Trog.
             Killed by an exploding kobold (16 damage)
             ... ignited by their inner flame
             ... on level 1 of the Dungeon.
             The game lasted 00:06:15 (417 turns).

psuckher the Trooper (Draconian Berserker)           Turns: 417, Time: 00:06:15

Health: -1/26      AC:  4    Str: 19    XL:     2   Next: 6%
Magic:  2/2        EV: 12    Int:  7    God:    Trog [*.....]
Gold:   20         SH:  0    Dex: 10    Spells: 1/1 levels left

rFire   . . .        d - +0 club
rCold   . . .        (no shield)
rNeg    . . .        (body armour unavailable)
rPois   .            (helmet restricted)
rElec   .            (no cloak)
rCorr   .            (no gloves)
SInv    .            (no boots)
Will    .....        (no amulet)
Stlth   +            (no ring)
HPRegen 0.24/turn    (no ring)
MPRegen 0.08/turn

%: no passive effects
@: no status effects
A: AC +4, unfitting armour, cold-blooded
a: Renounce Religion, Berserk


You were on level 1 of the Dungeon.
You worshipped Trog.
Trog was aware of your devotion.
You visited 1 branch of the dungeon, and saw 1 of its levels.

You collected 20 gold pieces.

Inventory:

Hand Weapons
 a - a +0 hand axe
 d - a +0 club (weapon)
Scrolls
 c - a scroll of fear
 e - a scroll of teleportation {unknown}
Potions
 b - a potion of cancellation {unknown}


   Skills:
 + Level 3.5 Fighting
 + Level 3.2 Axes
 + Level 2.9 Dodging


You had one spell level left.
You didn't know any spells.
Your spell library contained the following spells:

 Spells                   Type           Power      Damage    Failure   Level
 Sting                    Tmut/Pois      0%         1d3       43%         1
 Poisonous Vapours        Pois/Air       0%         N/A       56%         2
 Olgreb's Toxic Radiance  Pois           0%         N/A       99%         4


Dungeon Overview and Level Annotations

Branches:
Dungeon (1/15)

Altars:


Innate Abilities, Weirdness & Mutations

Your plain brown scales are hard. (AC +4)
You cannot fit into any form of body armour.
You are cold-blooded and may be slowed by cold attacks.


Message History

The quokka bites you but does no damage.
The quokka closely misses you.
You hit the quokka.
You kill the quokka!
Trog accepts your kill.
A kobold comes into view. It is wielding a +0 short sword.
Found a glowing white potion.
The kobold shouts!
There are no items here.
A kobold is nearby!
A kobold comes into view. It is wielding a +0 whip.
The kobold shouts!
You are too injured to fight recklessly!
You are too injured to fight recklessly!
Cleave: a) +0 hand axe
Press: ? - help, Dir - move target
Okay, then.
You don't know any spells.
You don't know any spells.
There are no items here.
Okay, then.
d - a +0 club (weapon)
As you read the scroll labelled JOVAPL VIAPY, it crumbles to dust.
You assume a fearsome visage.
The kobold looks frightened! x2
It was a scroll of fear.
The kobold yells at you, "GO AWAY!"
As you read the scroll labelled RUPTOKIUNI, it crumbles to dust.
The creatures around you are filled with an inner flame!
It was a scroll of immolation.
Found a scroll labelled TUVVAI WOTADAN.
e - a scroll labelled TUVVAI WOTADAN
There are no items here.
The kobold shouts!
The kobold hits you but does no damage.
You hit the kobold. Trog accepts your kill.
The kobold explodes!
The fiery explosion engulfs you!
Ouch! That really hurt!
You die...

.... #.# #.#
..... #.# #.#
..... #.#
###.## .....
#.# #....#
..... #.#
#.#..# .....
#.#
#.#..####...
...# #.#
#ยง#.........
...# #.#
#)#.#####...
...# #.#
#@#.# ...#
#.# #.#.#
...# #.#
#...# ...#
#.# #####
#### #.# #.#
#.# #######.#
........#


There were no monsters in sight!

Vanquished Creatures
  An endoplasm (D:1)
  2 goblins (D:1)
  A quokka (D:1)
  3 ball pythons (D:1)
  A kobold (D:1)
  2 rats (D:1)
10 creatures vanquished.

Notes
Turn   | Place    | Note
-------+----------+-------------------------------------------
     0 | D:1      | psuckher the Draconian Berserker began the quest for the
                  | Orb.
     0 | D:1      | Reached XP level 1. HP: 19/19 MP: 1/1
   353 | D:1      | Reached XP level 2. HP: 17/26 MP: 2/2
   417 | D:1      | Killed by an exploding kobold... ignited by their inner
                  | flame

Illustrated notes

Levels and vault maps discovered:
D:1:      nzn_arrival_water_spiral, layout_basic, minmay_tromino_v4_b

Action                     || total
---------------------------++-------
  Melee: Hand axe          ||    36
         Tailslap          ||     2
         Club              ||     1
    Use: Scroll            ||     2
 Armour: Skin              ||    15
  Dodge: Dodged            ||    22
